 Dungeon Crawl Stone Soup version 0.28-a0-631-g0446da8ef9 (webtiles) character file.

Game seed: 9310662116412868724

4 helsbecter the Chopper (level 1, -1/19 HPs)
             Began as a Minotaur Berserker on Oct 10, 2021.
             Was a Follower of Trog.
             Slain by a giant cockroach (2 damage)
             ... on level 1 of the Dungeon.
             The game lasted 00:00:27 (124 turns).

helsbecter the Chopper (Minotaur Berserker)          Turns: 124, Time: 00:00:28

Health: -1/19      AC:  2    Str: 21    XL:     1   Next: 50%
Magic:  0/0        EV: 12    Int:  4    God:    Trog [*.....]
Gold:   0          SH:  0    Dex:  9    Spells: 0/0 levels left

rFire   . . .      SeeInvis .   a - +0 hand axe
rCold   . . .      Faith    .   (no shield)
rNeg    . . .      Spirit   .   b - +0 animal skin
rPois   .          Reflect  .   (helmet restricted)
rElec   .          Harm     .   (no cloak)
rCorr   .          Rampage  .   (no gloves)
Will    .....                   (no boots)
Stlth   +.........              (no amulet)
HPRegen 0.06/turn               (no ring)
MPRegen 0.07/turn               (no ring)

@: lethally poisoned (-1 -> -1)
A: horns 2, retaliatory headbutt
a: Renounce Religion, Berserk


You were on level 1 of the Dungeon.
You worshipped Trog.
Trog was aware of your devotion.
You visited 1 branch of the dungeon, and saw 1 of its levels.

Inventory:

Hand Weapons
 a - a +0 hand axe (weapon)
 c - a +2 dagger of venom
Armour
 b - a +0 animal skin (worn)


   Skills:
 - Level 3.6 Fighting
 + Level 4.0 Axes
 - Level 2.4 Armour
 - Level 2.1 Dodging


You couldn't memorise any spells.
You didn't know any spells.
Your spell library was empty.

Dungeon Overview and Level Annotations

Branches:
Dungeon (1/15)

Altars:


Innate Abilities, Weirdness & Mutations

You have a pair of horns on your head.
You reflexively headbutt those who attack you in melee.


Message History

Moving in this stuff is going to be slow.
You open the door.
There is an open door here.
A goblin comes into view. It is wielding a +2 dagger of venom.
The goblin shouts!
A giant cockroach comes into view.
A rat comes into view.
The goblin hits you with a +2 dagger of venom.
You are poisoned.
You barely miss the goblin.
You feel very sick. The goblin hits you but does no damage.
You hit the goblin.
You kill the goblin!
Trog accepts your kill.
You feel very sick.
You are too injured to fight recklessly!
Unknown command.
A hobgoblin comes into view.
Found 7 gold pieces.
You feel sick.
You see here a +2 dagger of venom.
c - a +2 dagger of venom You feel sick.
The giant cockroach bites you. x2
* * * LOW HITPOINT WARNING * * *
You barely miss the giant cockroach.
You headbutt the giant cockroach, but do no damage.
* * * LOW HITPOINT WARNING * * *
You feel sick. The giant cockroach misses you. You furiously retaliate!
You headbutt the giant cockroach, but do no damage.
You closely miss the giant cockroach. You hit the rat.
You kill the rat!
Trog accepts your kill.
* * * LOW HITPOINT WARNING * * *
You feel sick.
The giant cockroach bites you but does no damage.
Your Axes skill increases to level 4!
You barely miss the giant cockroach.
You headbutt the giant cockroach, but do no damage.
* * * LOW HITPOINT WARNING * * *
You feel sick. The giant cockroach bites you.
You die...

$... #.. .... ... #...
.... ..##.. .....
..#.##..... #.........#
#.......... ##..........
#...@B.g....
#############....†......
≈≈≈#≈#≈.'.##............
≈##≈#≈###.#.............
≈≈#≈#≈###...#####.......
≈<#≈#≈≈.#...............
≈≈≈≈###.#..#####........
≈##≈#.#.#.## #........
≈≈≈≈#...#.#####........


You could see a giant cockroach and a hobgoblin.

Vanquished Creatures
  A hobgoblin (D:1)
  A bat (D:1)
  A goblin (D:1)
  A kobold (D:1)
  A rat (D:1)
5 creatures vanquished.

Notes
Turn   | Place    | Note
-------+----------+-------------------------------------------
     0 | D:1      | helsbecter the Minotaur Berserker began the quest for the
                  | Orb.
     0 | D:1      | Reached XP level 1. HP: 19/19 MP: 0/0
   124 | D:1      | Reached skill level 4 in Axes
   124 | D:1      | Slain by a giant cockroach

Illustrated notes

Levels and vault maps discovered:
D:1:      ncdulo_wetmaze, layout_rooms

Skill      XL: |  1 |
---------------+----+-----
Axes           | 4 |  4.0
Fighting       | |  3.6
Armour         | |  2.4
Dodging        | |  2.1

Action                   || total
-------------------------++-------
Melee: Hand axe          ||    14
       Headbutt          ||     3
Armor: Animal skin       ||     7
Dodge: Dodged            ||    12

Table legend: (Time is in decaauts)
 A = Elapsed time spent in this place.
 B = Non-inter-level travel time spent in this place.
 C = Inter-level travel time spent in this place.
 D = Time resting spent in this place.
 E = Time spent auto-exploring this place.
 F = Levels seen in this place.
 G = Mean time per level.
                   A        B        C        D        E       F      G
               +--------+--------+--------+--------+--------+-----+--------+
         Total |    132 |    132 |      0 |      0 |     93 |   1 |  132.0 |
       Dungeon |    132 |    132 |      0 |      0 |     93 |   1 |  132.0 |
               +--------+--------+--------+--------+--------+-----+--------+

Top non-repeatable levels by time:
     D:1: 132 daAuts
